 Dungeon Crawl Stone Soup version 0.23.2-1-ga50397a6bc (webtiles) character file.

Game seed: 1595750012060403032

37 Banto the Caller (level 3, 0/26 HPs)
             Began as a Demigod Wanderer on Apr 18, 2019.
             Slain by an orc wizard
             ... wielding a +0 dagger
              (4 damage)
             ... on level 3 of the Dungeon.
             The game lasted 00:01:33 (1495 turns).

Banto the Caller (Demigod Wanderer)                 Turns: 1495, Time: 00:01:34

Health: 0/26       AC:  2    Str: 15    XL:     3   Next: 8%
Magic:  7/7        EV: 11    Int: 16    God:
Gold:   63         SH:  0    Dex: 17    Spells: 3/4 levels left

rFire    . . .     SeeInvis .   a - +0 hand axe
rCold    . . .     Gourm    .   (no shield)
rNeg     . . .     Faith    .   d - +0 robe
rPois    .         Spirit   .   (no helmet)
rElec    .         Reflect  .   (no cloak)
rCorr    .         Harm     .   (no gloves)
MR       .....                  (no boots)
Stlth    ++........             (no amulet)
HPRegen  0.08/turn              (no ring)
MPRegen  0.10/turn              (no ring)

@: starving, slowed, very slow
A: high mp 1
a: no special abilities


You were on level 3 of the Dungeon.
You were starving.

You visited 1 branch of the dungeon, and saw 3 of its levels.

You collected 63 gold pieces.

Inventory:

Hand Weapons
 a - a +0 hand axe (weapon)
Armour
 d - a +0 robe (worn)
Scrolls
 b - 2 scrolls of identify {unknown}
 h - a scroll of immolation {unknown}
 i - a scroll of fear {unknown}
 k - a scroll of fog {unknown}
Potions
 c - a potion of curing {unknown}
 e - a potion of berserk rage {unknown}
 g - a potion of might {unknown}
 j - a potion of agility {unknown}
Comestibles
 f - a ration


   Skills:
 + Level 2.5 Axes
 + Level 1.0 Throwing
 + Level 1.2 Armour
 + Level 0.5 Dodging
 + Level 0.5 Stealth
   Level 1.0 Shields
 + Level 1.1 Spellcasting
 + Level 1.1 Conjurations
   Level 2.6 Summonings
 + Level 0.6 Fire Magic


You had 3 spell levels left.
You knew the following spells:

 Your Spells              Type           Power        Failure   Level  Hunger
a - Flame Tongue          Conj/Fire      #....        16%         1    ##.....

Your spell library contained the following spells:

 Spells                   Type           Power        Failure   Level  Hunger
 Ignite Poison            Fire/Tmut/Pois #.......     52%         3    ####...


Dungeon Overview and Level Annotations

Branches:
Dungeon (3/15)


Innate Abilities, Weirdness & Mutations

You have an increased reservoir of magic. (+10% MP)


Message History

An orc comes into view. It is wielding a +4 falchion.
The frilled lizard barely misses you. The orc hits you with a +0 short sword.
You barely miss the orc.
The orc is heavily wounded.
You hit the frilled lizard.
You kill the frilled lizard!
The orc hits you with a +0 short sword. x2
* * * LOW HITPOINT WARNING * * *
You hit the orc but do no damage.
The orc is heavily wounded.
You hit the orc but do no damage. The orc closely misses you.
The orc barely misses you.
You completely miss the orc.
The orc is heavily wounded.
You barely miss the orc.
You hit the orc wizard but do no damage.
The orc wizard hits you but does no damage. x2
The orc closely misses you.
The orc wizard hits you with a +0 dagger.
You die...

....####### .#
...#.....##.#.....
...........#.... ##.
#.............##...
##................#
#.......#..#......
#......<#.##....
#..........ooo##..#.
##.........o@.......
#..>......#)##......
.........#...# ...$.
<.............# ...#
.....###...#......####
....##.##.....####..
.#.#._.#.###..
#.......# ###. #.....#
#.


You could see an orc wizard and 3 orcs.

Vanquished Creatures
  2 adders (D:2)
  An ooze (D:2)
  A worm (D:2)
  2 hobgoblins
  3 jackals (D:1)
  A bat (D:2)
  2 frilled lizards
  A kobold (D:3)
  2 rats (D:2)
15 creatures vanquished.

Notes
Turn   | Place    | Note
-------+----------+-------------------------------------------
     0 | D:1      | Banto the Demigod Wanderer began the quest for the Orb.
     0 | D:1      | Banto set off with the following items: a +0 hand axe, a +0
                  | shield, a +0 robe, a ration; and the following spell
                  | memorised: Flame Tongue; and the following spells available
                  | to memorise: Ignite Poison
     0 | D:1      | Reached XP level 1. HP: 14/14 MP: 4/4
   599 | D:1      | You fall through a shaft!
   964 | D:2      | Reached XP level 2. HP: 9/20 MP: 0/5
  1251 | D:2      | Reached XP level 3. HP: 3/26 MP: 2/7
  1479 | D:3      | Found a shadowy altar of Dithmenos.
  1495 | D:3      | Slain by an orc wizard

Skill      XL: |  1 |
---------------+----+-----
Axes           | 2 |  2.5
Throwing       | |  1.0
Armour         | |  1.2
Dodging        | |  0.5
Stealth        | |  0.5
Shields        | |  1.0
Spellcasting   | |  1.1
Conjurations   | |  1.1
Summonings     | |  2.6
Fire Magic     | |  0.6

Action                   || total
-------------------------++-------
Melee: Hand axe          ||    47
 Cast: Flame Tongue      ||    16
 Stab: Sleeping          ||     1
Armor: Robe              ||    12
Dodge: Dodged            ||    38
Block: Shield            ||     1
